 Dungeon Crawl Stone Soup version 0.17-a0-1181-gabc46e6 (webtiles) character file.

28 SWAGNEMITE the Sneak (level 3, -13/31 HPs)
             Began as a Naga Enchanter on May 31, 2015.
             Mangled by a freezing wraith (23 damage)
             ... on level 1 of the Abyss.
             The game lasted 00:02:10 (1106 turns).

SWAGNEMITE the Sneak (Naga Enchanter)               Turns: 1106, Time: 00:02:10

Health: -13/31     AC:  4    Str: 10    XL:     3   Next: 14%
Magic:  6/6        EV: 10    Int: 16    God:
Gold:   59         SH:  0    Dex: 11    Spells: 1 memorised, 5 levels left

rFire  . . .     SeeInvis +     m - +0 great sword
rCold  . . .     Clarity  .     b - +2 robe
rNeg   . . .     SustAt   .     (no shield)
rPois  +         Gourm    .     (no helmet)
rElec  .         Spirit   .     (no cloak)
rCorr  .         Warding  .     (no gloves)
rMut   .         Stasis   .     (no barding)
MR     .....                    (no amulet)
Stlth  +++.......               (no ring)
                                (no ring)

@: slowed, very slow, not resistant to hostile enchantments, fairly stealthy
A: see invisible, deformed body, poison resistance, slowness 2, slow metabolism
1, spit poison 2, AC +1
a: Spit Poison


You were on level 1 of the Abyss.
You were not hungry.

You visited 1 branch of the dungeon, and saw 1 of its levels.
You visited the Abyss 1 time.

You collected 59 gold pieces.

Inventory:

Hand weapons
 a - a +1 dagger
 m - a +0 great sword (weapon)
   (You found it on level 1 of the Abyss)
Armour
 b - a +2 robe (worn)
Scrolls
 e - 2 scrolls of recharging
 g - a scroll of identify
 j - a scroll of remove curse
Potions
 f - a potion of invisibility {unknown}
 l - a potion of mutation {unknown}
Books
 c - a book of Maledictions
Comestibles
 d - 2 bread rations {@e1}


   Skills:
 + Level 1.0 Fighting
 * Level 1.8 Short Blades
 + Level 1.7 Dodging
 * Level 4.6 Stealth
 - Level 2.0 Spellcasting
 * Level 3.4 Hexes


You had 5 spell levels left.
You knew the following spells:

 Your Spells              Type           Power        Failure   Level  Hunger
v - Corona                Hex            ##.....      8%          1    #......


Dungeon Overview and Level Annotations

Branches:
Dungeon (1/15)

Altars:


Innate Abilities, Weirdness & Mutations

You cannot wear boots.
Your serpentine skin is tough (AC +1).
You have supernaturally acute eyesight.
Armour fits poorly on your strangely shaped body.
Your system is resistant to poisons.
You cover ground very slowly.
You have a slow metabolism.
You can spit poison.


Message History

The giant cockroach is too close now for your liking.
A giant gecko comes into view.
The giant cockroach bites you but does no damage. x2
You hit the giant cockroach.
The giant cockroach bites you but does no damage.
A goblin comes into view. It is wielding a dagger of distortion.
The goblin shouts!
You hit the giant cockroach but do no damage.
The giant cockroach barely misses you.
The goblin moves out of view.
You hit the giant cockroach but do no damage.
The giant cockroach bites you but does no damage.
The giant gecko bites you.
You take 5 damage, and have 26/31 hp.
You hit the giant cockroach but do no damage.
The giant cockroach bites you but does no damage.
The giant gecko bites you.
You take 1 damage, and have 25/31 hp.
You barely miss the giant cockroach.
The giant cockroach bites you but does no damage.
The giant gecko bites you. The giant cockroach bites you.
You take 5 damage, and have 20/31 hp.
You hit the giant cockroach but do no damage.
The giant gecko barely misses you. The giant cockroach bites you.
You take 1 damage, and have 19/31 hp.
You hit the giant cockroach.
You kill the giant cockroach!
The giant gecko barely misses you.
You hit the giant gecko. The giant gecko bites you.
The goblin throws a stone.
The stone barely misses you.
You take 4 damage, and have 15/31 hp.
You miss the giant gecko.
The giant gecko hisses menacingly.
The giant gecko barely misses you.
The goblin throws a stone.
The stone hits you but does no damage.
You hit the giant gecko. The giant gecko bites you.
The goblin throws a stone.
The stone barely misses you. The giant gecko bites you.
You take 4 damage, and have 11/31 hp.
You barely miss the giant gecko.
The goblin throws a stone.
The stone closely misses you. The giant gecko barely misses you.
You closely miss the giant gecko. The giant gecko bites you.
* * * LOW HITPOINT WARNING * * *
You take 5 damage, and have 6/31 hp.
You closely miss the giant gecko. The giant gecko bites you.
* * * LOW HITPOINT WARNING * * *
The goblin hits you with a dagger of distortion.
* * * LOW HITPOINT WARNING * * *
You are cast into the Abyss!
To return, you must find a gate leading back.
Welcome to the Abyss!
You sense a powerful magical force warping space.
You take 2 damage, and have 4/31 hp.
You see here 8 gold pieces.
You now have 41 gold pieces (gained 8).
You now have 59 gold pieces (gained 18).
l - a lumpy brown potion
There are no items here.
You see here a great sword.
m - a great sword Wield which item (- for none, * to show all)? (? for menu, Esc to quit)
m - a +0 great sword (weapon)
Read which item? (? for menu, Esc to quit)
As you read the scroll labeled KENTOH KAEPSUT, it crumbles to dust.
It is a scroll of recharging.
You aren't carrying any rechargeable items.
Read which item? (? for menu, Esc to quit)
As you read the scroll labeled SIFFOYMNIE, it crumbles to dust.
It is a scroll of enchant armour.
Enchant which item? (? for menu, Esc to quit)
Your +1 robe glows green for a moment.
Read which item? (? for menu, Esc to quit)
As you read the scroll labeled DUCIUMOQEV, it crumbles to dust.
It is a scroll of identify.
Identify which item? (\ to view known items) (? for menu, Esc to quit)
j - a scroll of remove curse Read which item? (? for menu, Esc to quit)
You don't have any such object.
Read which item? (? for menu, Esc to quit)
As you read the scroll labeled CIRY ZICIOCOI, it crumbles to dust.
You assume a fearsome visage.
The freezing wraith is unaffected.
It was a scroll of fear.
The freezing wraith hits you but does no damage.
The freezing wraith barely misses you.
Read which item? (? for menu, Esc to quit)
Okay, then.
Drink which item? (? for menu, Esc to quit)
It was a potion of curing.
You feel better. The freezing wraith closely misses you.
The freezing wraith hits you. The freezing wraith drains your vigour!
You feel yourself slow down.
You regained 7 hp, and now have 16/31 hp.
The freezing wraith closely misses you. The freezing wraith hits you.
You take 3 damage, and have 13/31 hp.
The freezing wraith completely misses you.
The freezing wraith closely misses you.
You see here a scroll of remove curse.
The freezing wraith barely misses you. The freezing wraith closely misses you.
The freezing wraith hits you. The freezing wraith freezes you!!
Ouch! That really hurt!
You die...

###. .# ###.## #
...##.## .... ยง...##
### ##....##.. #.# .
....... #.# #
###...... #.# .# ...
##.## ##.##..#
.....#...### #.@$...#
..#. .....# ##W..####
#..###...#.###?...###
......................
# .## #.######..#.####
#..# #.# #..#.# .. #
.# ...#.# . .. ...
..#.#.# # ### .....


You could see a freezing wraith.

Vanquished Creatures
  2 giant geckos (D:1)
  A ball python (D:1)
  3 giant cockroaches (D:1)
  3 goblins (D:1)
  4 hobgoblins (D:1)
  4 giant newts (D:1)
  5 kobolds (D:1)
  3 rats (D:1)
25 creatures vanquished.

Notes
Turn   | Place    | Note
--------------------------------------------------------------
     0 | D:1      | SWAGNEMITE the Naga Enchanter began the quest for the Orb.
     0 | D:1      | Reached XP level 1. HP: 15/15 MP: 3/3
   129 | D:1      | Reached XP level 2. HP: 10/22 MP: 5/5
   135 | D:1      | HP: 5/22 [giant newt (1)]
   672 | D:1      | Reached skill level 1 in Fighting
   692 | D:1      | Reached XP level 3. HP: 19/31 MP: 6/6
  1067 | D:1      | HP: 6/31 [giant gecko (5)]
  1068 | D:1      | Cast into the Abyss (goblin)
  1082 | Abyss:1  | Noticed a worldbinder
  1093 | Abyss:1  | Noticed a freezing wraith
  1106 | Abyss:1  | Mangled by a freezing wraith

Vault maps used:
D:1:      zaba_arrival_water, minmay_ruptured
Abyss:1:  hangedman_cross_veins

Action                   || total
-------------------------++-------
Melee: Dagger            ||    95
 Abil: Spit Poison       ||     1
  Use: Scroll            ||     4
       Potion            ||     1
 Stab: Sleeping          ||     4

Vault maps used:
D:1:      zaba_arrival_water, minmay_ruptured
Abyss:1:  hangedman_cross_veins

Table legend:
 A = Turns spent in this place as a percentage of turns spent in the entire game.
 B = Non-inter-level travel turns spent in this place as a percentage of non-inter-level travel turns spent in the entire game.
 C = Inter-level travel turns spent in this place as a percentage of turns spent in this place.
 D = Turns resting spent in this place as a percentage of non-inter-level travel turns spent in this place.
 E = Turns spent auto-exploring this place as a percentage of non-inter-level travel turns spent in this place.
 F = Non-inter-level travel turns spent in this place divided by the number of levels of this place that you've seen.
                   A       B       C       D       E      F
               +-------+-------+-------+-------+-------+----------------------
         Total | 100.0 | 100.0 |   0.0 |   3.2 |  11.6 | 125.5
       Dungeon |  84.5 |  84.5 |   0.0 |   3.8 |  13.7 | 212.0
         Abyss |  15.5 |  15.5 |   0.0 |   0.0 |   0.0 |  39.0
               +-------+-------+-------+-------+-------+----------------------

Table legend:
 A = Kills in this place as a percentage of kills in entire the game.
 B = Kills by you in this place as a percentage of kills by you in the entire game.
 C = Kills by friends in this place as a percentage of kills by friends in the entire game.
 D = Other kills in this place as a percentage of other kills in the entire game.
 E = Experience gained in this place as a percentage of experience gained in the entire game.
 F = Experience gained in this place divided by the number of levels of this place that you have seen.
                   A       B       C       D       E      F
               +-------+-------+-------+-------+-------+----------------------
         Total | 100.0 | 100.0 |  -nan |  -nan | 100.0 |  20.5
       Dungeon | 100.0 | 100.0 |  -nan |  -nan | 100.0 |  41.0
               +-------+-------+-------+-------+-------+----------------------
